 Dungeon Crawl Stone Soup version 0.28.0 (webtiles) character file.

Game seed: 9099438888959275538

1125 growler the Zephyrmancer (level 8, -1/41 HPs)
             Began as a Tengu Air Elementalist on Feb 13, 2022.
             Killed from afar by an orc warrior (12 damage)
             ... with an iceblast
             ... on level 5 of the Dungeon.
             The game lasted 00:13:24 (7833 turns).

growler the Zephyrmancer (Tengu Air Elementalist)   Turns: 7833, Time: 00:13:25

Health: -1/41      AC:  2    Str:  8    XL:     8   Next: 35%
Magic:  13/16      EV: 14    Int: 18    God:
Gold:   268        SH:  0    Dex: 15    Spells: 7/17 levels left

rFire   . . .      SeeInvis +   h - +0 dagger (speed)
rCold   . . .      Faith    .   (no shield)
rNeg    . . .      Spirit   .   a - +0 robe
rPois   .          Reflect  .   (helmet restricted)
rElec   .          Harm     .   (no cloak)
rCorr   .          Rampage  .   (no gloves)
Will    .....                   (boots unavailable)
Stlth   ++........              (no amulet)
HPRegen 0.13/turn               z - ring of see invisible
MPRegen 0.15/turn               (no ring)

@: flying quickly and evasively, quick
A: beak, talons 3, nimble flight
a: no special abilities


You were on level 5 of the Dungeon.
You visited 1 branch of the dungeon, and saw 5 of its levels.

You collected 268 gold pieces.

Inventory:

Hand Weapons
 h - a +0 dagger of speed (weapon)
   (You took it off a kobold brigand on level 3 of the Dungeon)
Missiles
 e - 3 datura-tipped darts
Armour
 a - a +0 robe (worn)
Jewellery
 z - a ring of see invisible (left hand)
   (You found it on level 4 of the Dungeon)
Wands
 d - a wand of iceblast (13)
   (You found it on level 5 of the Dungeon)
 l - a wand of polymorph (7)
   (You found it on level 4 of the Dungeon)
Scrolls
 b - 4 scrolls of teleportation {unknown}
 c - a scroll of noise {unknown}
 f - 2 scrolls of fear {unknown}
 m - a scroll of acquirement {unknown}
 n - 4 scrolls of identify {unknown}
Potions
 g - a potion of haste {unknown}
 i - a potion of attraction {unknown}
 j - a potion of heal wounds {unknown}
 k - 2 potions of curing {@q1}


   Skills:
 - Level 2.1 Dodging
 - Level 2.0 Stealth
 - Level 5.0 Spellcasting
 + Level 7.5 Conjurations
 + Level 8.6 Air Magic


You had 7 spell levels left.
You knew the following spells:

 Your Spells              Type           Power      Damage    Failure   Level
a - Shock                 Conj/Air       100%       1d9       1%          1
b - Airstrike             Air            17%        N/A       3%          4
d - Static Discharge      Conj/Air       33%        N/A       1%          2
s - Swiftness             Air            35%        N/A       1%          3

Your spell library contained the following spells:

 Spells                   Type           Power      Damage    Failure   Level
 Stone Arrow              Conj/Erth      36%        3d9       9%          3
 Sticky Flame             Conj/Fire      18%        2d4       28%         4
 Animate Armour           Summ/Erth      8%         N/A       78%         4
 Ice Form                 Ice/Tmut       4%         N/A       78%         4
 Ignition                 Fire           2%         3d3       100%        8
 Lehudib's Crystal Spear  Conj/Erth      9%         10d4      100%        8


Dungeon Overview and Level Annotations

Branches:
Dungeon (5/15)
 Temple: D:4-7

Altars:
Ashenzari
Cheibriados
Makhleb
Qazlal
Ru
Sif Muna
Beogh

Shops:
D:2 (   D:4 :


Innate Abilities, Weirdness & Mutations

You have a beak for a mouth.
You have claws for feet.
Your magical nature lets you fly swiftly and evasively.


Message History

* * * LOW HITPOINT WARNING * * *
You start resting.
You start resting.
You fly downwards.
The orc priest calls down the wrath of Beogh upon you.
Beogh smites you!
The orc throws a boomerang.
The boomerang closely misses you.
There is a stone staircase leading up here.
Aim: an orc priest, wielding a +0 dagger (empty space bonus: 4/8)
The air twists around and strikes the orc priest!
Aim: an orc priest, wielding a +0 dagger (heavily wounded, empty space bonus: 4/8)
The air twists around and strikes the orc priest!
You kill the orc priest!
The orc throws a boomerang.
The boomerang closely misses you.
The orc is struck by an arc of lightning!
You kill the orc!
You are struck by an arc of lightning.
Things that are here:
a +0 club; 2 boomerangs; a +0 ring mail
Things that are here:
a +0 dagger; an orc corpse
Items here: )) [ ÷.
Things that are here:
a +0 whip; a +0 club; an orc skeleton An orc priest and an orc come into view.
Found the +7 staff of the Meek {protect, meekguard}.
The orc moves out of view.
An orc priest is nearby!
Found a human corpse.
Found a roughly hewn altar of Beogh.
The orc priest shouts!
You hear a shout!
An orc warrior comes into view.
It is wielding a +0 glaive and carrying a wand of iceblast (8).
The orc priest calls down the wrath of Beogh upon you.
Beogh smites you!
The orc warrior moves out of view.
The orc shouts!
The orc priest is struck by an arc of lightning!
You are struck by an arc of lightning.
The orc priest is struck by an arc of lightning.
The lightning grounds out.
The orc priest completely misses you.
The orc priest is struck by an arc of lightning.
You kill the orc priest!
You are struck by an arc of lightning.
The orc throws a boomerang.
The boomerang misses you.
Things that are here:
a +0 whip; a +0 club; an orc skeleton
Items here: )) [ ÷.
The orc warrior zaps a wand.
The mass of ice explodes!
The iceblast engulfs you!
* * * LOW HITPOINT WARNING * * *
The orc warrior zaps a wand.
The mass of ice explodes!
The iceblast engulfs you!
You die...

########.#.##.#.#..#
#......#.#.##.#.#(.#
#####.##.....#.##.#.#..#
.....................>.#
.....[...#<.)).##.#.##.#
#........#.######...##.#
#........#.........#.#.#
.........########.#.#..#
.######.###.....@#...#.##
## # ###8#####.#.....#.#
####. #....#...#.≈≈≈.#.#
..##8. ##..##..#≈...≈#.#
..#_).. #...)o..#≈._.≈#.#
#.##8...##..#...#≈...≈#.#
#..# #)...##..#.≈≈≈.#.#
...# ##8####..#.....#.#
...# ### #...#...#.##


You could see an orc warrior.

Vanquished Creatures
  Grinder (D:5)
  Sigmund (D:5)
  An ice beast (D:5)
  An ogre (D:2)
  A phantom (D:5)
  A kobold brigand (D:3)
  A scorpion (D:3)
  A howler monkey (D:4)
  A centaur zombie (D:4)
  A hound (D:5)
  2 orc priests (D:5)
  A hound zombie (D:5)
  2 hound skeletons (D:5)
  7 adders
  An adder skeleton (D:4)
  2 worms (D:2)
  4 dart slugs
  16 orcs
  11 ball pythons
  8 endoplasms
  4 giant cockroaches
  9 goblins
  8 hobgoblins
  4 jackals (D:5)
  5 quokkas
  3 bats (D:1)
  3 frilled lizards (D:1)
  16 kobolds
  3 rats
119 creatures vanquished.

Notes
Turn   | Place    | Note
-------+----------+-------------------------------------------
     0 | D:1      | growler the Tengu Air Elementalist began the quest for the
                  | Orb.
     0 | D:1      | Reached XP level 1. HP: 10/10 MP: 4/4
   583 | D:1      | Reached XP level 2. HP: 15/15 MP: 3/6
   588 | D:1      | Learned a level 2 spell: Static Discharge
  1312 | D:1      | Reached XP level 3. HP: 1/19 MP: 0/7
  1665 | D:1      | Learned a level 3 spell: Swiftness
  2990 | D:2      | Found Wumarot's Weapon Shop.
  3180 | D:2      | Reached skill level 5 in Air Magic
  3180 | D:2      | Reached XP level 4. HP: 22/24 MP: 6/9
  3307 | D:2      | Noticed an ogre
  3314 | D:2      | Killed an ogre
  3315 | D:2      | Gained mutation: Your magical nature lets you fly swiftly
                  | and evasively. [Tengu growth]
  3315 | D:2      | Reached XP level 5. HP: 27/28 MP: 1/10
  3390 | D:2      | Learned a level 4 spell: Airstrike
  3597 | D:2      | Found a faded altar of an unknown god.
  4206 | D:3      | Found a shimmering blue altar of Sif Muna.
  4365 | D:3      | Reached skill level 6 in Air Magic
  4365 | D:3      | Reached XP level 6. HP: 20/32 MP: 5/12
  4590 | D:3      | Found a broken altar of Ashenzari.
  5465 | D:4      | Reached skill level 5 in Conjurations
  5594 | D:4      | Found a burning altar of Makhleb.
  5663 | D:4      | Found Losaet's Book Emporium.
  5682 | D:4      | Found a stormy altar of Qazlal.
  5865 | D:4      | Found a snail-covered altar of Cheibriados.
  5901 | D:4      | Reached XP level 7. HP: 21/36 MP: 5/14
  6510 | D:5      | Entered Level 5 of the Dungeon
  6523 | D:5      | Reached skill level 7 in Air Magic
  6758 | D:5      | Noticed Sigmund
  6762 | D:5      | Killed Sigmund
  6814 | D:5      | Noticed Grinder
  6958 | D:5      | Killed Grinder
  6959 | D:5      | Reached skill level 5 in Spellcasting
  6959 | D:5      | Reached skill level 8 in Air Magic
  6959 | D:5      | Reached XP level 8. HP: 23/41 MP: 0/16
  7130 | D:5      | Got Sif Muna's Catalogue of the Scorching Snowflakes
  7215 | D:5      | Found a sacrificial altar of Ru.
  7820 | D:5      | Found the +7 staff of the Meek {protect, meekguard}
  7833 | D:5      | Killed from afar by an orc warrior

Illustrated notes

Levels and vault maps discovered:
D:1:      onia_arrival_mini_maze_b, layout_basic, chequers_big_river,
          minmay_fountain_box, hangedman_decor_lopped
D:2:      layout_rooms, ebering_ecumenical_altar_abandoned, serial_shops,
          nicolae_shop_bloodbath_and_beyond
D:3:      cheibrodos_thug_alley, layout_rooms, mainiacjoe_overflow_alcove_2,
          amcnicky_altar_gilded, hangedman_decor_clover_reticule,
          kennysheep_path_1, kennysheep_generic_room_9
D:4:      layout_loops_corners, mainiacjoe_overflow_alcove_1,
          grunt_qazlal_sundering, overflow_temple_1_default, serial_shops, shop,
          serial_forest, infiniplex_forest_diagonal, infiniplex_forest_end_2,
          infiniplex_forest_join, infiniplex_forest_end_double,
          infiniplex_forest_clump_medium, infiniplex_forest_lined_3_way
D:5:      layout_basic, tso_altar, nicolae_ru_awakened_eye,
          hangedman_abyss_or_decor_lesser_grid, st_stairs_5,
          pf_guarded_unrand_meek, uniq_prince_ribbit1, uniq_menkaure,
          uniq_sigmund, uniq_grinder

Skill      XL: |  1  2  3  4  5  6  7 |
---------------+----------------------+-----
Conjurations   | 2 3 4 5 7 |  7.5
Air Magic      | 5 6 8 |  8.6
Spellcasting   | 3 4 5 |  5.0
Dodging        | |  2.1
Stealth        | |  2.0

Action                   |  1- 3 |  4- 6 |  7- 9 || total
-------------------------+-------+-------+-------++-------
Melee: Unarmed           |    13 |     7 |       ||    20
       Kick              |     5 |     5 |    16 ||    26
       Peck              |     4 |     6 |     8 ||    18
       Punch             |       |     1 |       ||     1
       Dagger            |       |    26 |    42 ||    68
 Cast: Shock             |    36 |    39 |     6 ||    81
       Static Discharge  |    27 |    37 |    11 ||    75
       Airstrike         |       |     1 |     8 ||     9
  Use: Potion            |     1 |       |       ||     1
 Stab: Sleeping          |       |     9 |     2 ||    11
       Distracted        |       |       |     1 ||     1
Armor: Robe              |     6 |     7 |     3 ||    16
Dodge: Dodged            |    38 |    35 |    33 ||   106
